 Dungeon Crawl Stone Soup version 0.18-a0-1702-gd20c6a5 (webtiles) character file.

53 Chiseanne the Firebug (level 3, 26/26 HPs)
             Began as a Demonspawn Wanderer on Apr 6, 2016.
             Quit the game on level 3 of the Dungeon.
             The game lasted 00:05:15 (1519 turns).

Chiseanne the Firebug (Demonspawn Wanderer)         Turns: 1519, Time: 00:05:16

Health: 26/26      AC:  9    Str: 11    XL:     3   Next: 64%
Magic:  5/5        EV:  9    Int: 13    God:
Gold:   66         SH:  7    Dex: 14    Spells: 1 memorised, 4 levels left

rFire  . . .     SeeInvis .     g - -3 hand axe (curse)
rCold  + . .     Gourm    .     i - +0 ring mail
rNeg   . . .     Faith    .     l - +3 buckler
rPois  .         Spirit   .     (no helmet)
rElec  .         Dismiss  .     (no cloak)
rCorr  .         Reflect  .     (no gloves)
SustAt .         Harm     .     (no boots)
MR     .....                    (no amulet)
Stlth  +.........               (no ring)
                                n - ring of protection from cold

@: not resistant to hostile enchantments, very unstealthy
A: claws 1, iridescent scales 1
a: no special abilities


You were on level 3 of the Dungeon.
You were not hungry.

You visited 1 branch of the dungeon, and saw 3 of its levels.

You collected 66 gold pieces.

Inventory:

Hand Weapons
 d - a +0 spear
 g - a cursed -3 hand axe (weapon)
Missiles
 e - 4 javelins (quivered)
 h - 12 poisoned needles
 k - 30 sling bullets
 q - 3 tomahawks
Armour
 i - a +0 ring mail (worn)
 l - a +3 buckler (worn)
Jewellery
 n - a ring of protection from cold (left claw)
Potions
 b - 3 potions of curing
 j - a potion of cure mutation
 p - a potion of ambrosia
Books
 a - a book of Minor Magic

   Spells                             Type                      Level
   a - Magic Dart                     Conjuration                  1
   b - Blink                          Translocation                2
   c - Call Imp                       Summoning                    2
   d - Repel Missiles                 Charms/Air                   2
   e - Slow                           Hexes                        2
   f - Conjure Flame                  Conjuration/Fire             3
   g - Mephitic Cloud                 Conjuration/Poison/Air       3
 c - the Guide on Moulding

   Spells                             Type                      Level
   a - Sticks to Snakes               Transmutation                2
   b - Passwall                       Transmutation/Earth          2
Comestibles
 f - 3 bread rations
 m - a beef jerky
 o - 3 chunks of flesh


   Skills:
 * Level 1.0 Fighting
 - Level 1.0 Throwing
 * Level 1.0 Armour
 - Level 0.6 Dodging
 * Level 1.2 Shields
 * Level 1.9 Spellcasting
 * Level 1.2 Conjurations
   Level 1.7 Transmutations
   Level 3.6 Fire Magic
   Level 1.0 Air Magic


You had 4 spell levels left.
You knew the following spells:

 Your Spells              Type           Power        Failure   Level  Hunger
a - Magic Dart            Conj           #...         61%         1    ##.....


Dungeon Overview and Level Annotations

Branches:
Dungeon (3/15)

Altars:
Trog


Innate Abilities, Weirdness & Mutations

You have sharp fingernails.
You are partially covered in iridescent scales (AC +4).


Message History

The orc throws a tomahawk.
The tomahawk barely misses you.
You see here a glowing hand axe.
g - a glowing hand axe The orc wizard casts a spell at you.
You resist with significant effort.
You see here a tomahawk.
q - a tomahawk The orc wizard mumbles some strange words.
The orc wizard flickers and vanishes!
Deactivating autopickup; reactivate with Ctrl-A.
You see here 2 tomahawks.
q - 3 tomahawks (gained 2)
The orc throws a tomahawk.
The tomahawk completely misses you.
You see here a tomahawk.
Read which item? (? for menu, Esc to quit)
Okay, then.
Wield which item (- for none, * to show all)? (? for menu, Esc to quit)
It sticks to your claw!
g - a cursed -3 hand axe (weapon)
Are you sure you want to abandon this character and quit the game? (Confirm with "yes".)

#..#.# #..#.# ##.#.#
..# #{..# #.# #...#
#.##### #l..#######
#.....# #(o).......
#.....######.#>#######
# #.....+.@.ol.#.#
#.####.....########†#
#.#..........# #.#
#........#'### #.#
########.#÷# #.# #<#)#
####.#
######.#######....#
##.................#
.........#..).....##


You could see an orc and a giant newt.

Vanquished Creatures
  An adder (D:2)
  An ooze (D:2)
  2 dart slugs
  5 bats
  3 goblins
  6 hobgoblins
  2 jackals (D:2)
  A quokka (D:2)
  A ball python (D:3)
  A giant newt (D:2)
  6 kobolds
  7 rats
36 creatures vanquished.

Notes
Turn   | Place    | Note
--------------------------------------------------------------
     0 | D:1      | Chiseanne the Demonspawn Wanderer began the quest for the Orb.
     0 | D:1      | Chiseanne set off with: a book of Minor Magic, a potion of curing, the Guide on Moulding, a +0 robe, a +0 dagger, a bread ration
     0 | D:1      | Reached XP level 1. HP: 13/13 MP: 2/2
     1 | D:1      | Identified the Guide on Moulding
     3 | D:1      | Learned a level 1 spell: Magic Dart
   381 | D:1      | Gained mutation: You are partially covered in iridescent scales (AC +4). [demonic ancestry]
   381 | D:1      | Reached XP level 2. HP: 20/20 MP: 4/4
   668 | D:2      | Reached skill level 1 in Conjurations
   983 | D:2      | Gained mutation: You have sharp fingernails. [demonic ancestry]
   983 | D:2      | Reached XP level 3. HP: 24/25 MP: 5/5
  1085 | D:2      | Found a bloodstained altar of Trog.
  1250 | D:2      | Reached skill level 1 in Fighting
  1398 | D:2      | Reached skill level 1 in Armour
  1519 | D:3      | Quit the game

Vault maps used:
D:1:      minmay_arrival_up_and_down
D:2:      trog_book

Skill      XL: |  1  2  3 |
---------------+----------+-----
Conjurations   | 1 |  1.2
Fighting       | 1 |  1.0
Armour         | 1 |  1.0
Throwing       | |  1.0
Dodging        | |  0.6
Shields        | |  1.2
Spellcasting   | |  1.9
Transmutations | |  1.7
Fire Magic     | |  3.6
Air Magic      | |  1.0

Action                   || total
-------------------------++-------
Melee: Spear             ||   129
       Dagger            ||     8
  Use: Scroll            ||    10
  Eat: Chunk             ||     2
